Map: Frost LE

Players

Frista

  • Race: Zerg Zerg
  • League: Diamond

TheMagician - Winner!

  • Race: Protoss Protoss
  • League: Diamond

VOD

Have the link to the VOD?

Description

Time

  • Played on: Oct. 16, 2016, 5:59 p.m.
  • Length: 18:38
Show
View Real Time Build Order
Export as new Build Order

Frista Zerg 

Build Orders: Hatch First 

Get SALT Encoding   

  12  0:01  Drone  
  13  0:08  Drone  
  14  0:16  Overlord  
  14  0:27  Drone, Extractor  
  14  0:28  Drone, Extractor  
  13  0:34  Drone  
  17  0:45  Drone  
  18  0:58  Hatchery  
  18  1:00  Drone  
  18  1:09  Drone  
  19  1:23  Spawning Pool  
  19  1:24  Drone  
  19  1:38  Drone x2  
  21  1:46  Extractor  
  20  1:59  Drone  
  21  2:03  Drone  
  22  2:10  Queen  
  22  2:12  Queen  
  22  2:14  Drone  
  27  2:20  Drone  
  27  2:22  Drone, Extractor  
  28  2:23  Overlord  
  28  2:41  Drone  
  28  2:42  Drone  
  30  2:45  Drone x2  
  32  2:53  Drone  
  32  2:57  Drone  
  34  3:02  Lair  
  34  3:04  Drone  
  35  3:08  Drone  
  35  3:12  Extractor  
  35  3:13  Spore Crawler  
  35  3:18  Spore Crawler  
  35  3:19  Drone x2  
  35  3:21  Drone  
  35  3:25  Drone, Extractor  
  35  3:27  Overlord  
  36  3:33  Overlord  
  36  3:37  Evolution Chamber, Drone  
  36  3:42  Overlord  
  36  3:44  Queen  
  36  3:46  Drone x2  
  40  3:50  Drone x2  
  42  4:00  Drone x4  
  42  4:01  Drone  
  47  4:13  Spire  
  47  4:14  Metabolic Boost  
  46  4:17  Drone  
  46  4:20  Drone  
  46  4:21  Drone  
  49  4:28  Drone x2  
  49  4:30  Drone  
  52  4:34  Zergling x6  
  52  4:36  Drone  
  56  4:44  Spine Crawler  
  56  4:45  Zerg Melee Weapons Level 1  
  55  4:51  Pneumatized Carapace  
  55  5:01  Hatchery, Overlord  
  54  5:15  Spine Crawler, Overlord  
  54  5:18  Overlord  
  53  5:30  Overlord  
  53  5:34  Mutalisk x3  
  53  5:35  Mutalisk x3  
  61  5:36  Mutalisk  
  61  5:37  Mutalisk  
  69  5:45  Drone x2  
  69  5:46  Drone x2  
  73  5:56  Drone  
  74  5:57  Drone x3  
  74  6:02  Mutalisk  
  79  6:13  Extractor  
  79  6:14  Drone  
  79  6:15  Extractor  
  78  6:20  Drone x3  
  78  6:23  Mutalisk  
  80  6:29  Mutalisk x2  
  80  6:30  Mutalisk  
  86  6:35  Drone  
  86  6:37  Overseer  
  87  6:42  Drone x2  
  87  6:43  Drone x2  
  87  6:54  Hydralisk Den  
  87  6:57  Spore Crawler  
  87  6:59  Hatchery, Spore Crawler  
  87  7:00  Spore Crawler  
  68  7:08  Roach Warren  
  63  7:13  Drone x2  
  63  7:14  Spore Crawler, Drone x3  
  61  7:15  Spore Crawler  
  61  7:20  Drone x4  
  63  7:25  Muscular Augments  
  63  7:27  Drone x2  
  63  7:28  Drone x2  
  63  7:29  Drone  
  68  7:30  Drone  
  68  7:34  Spore Crawler  
  68  7:35  Spore Crawler  
  64  7:39  Drone  
  64  7:40  Drone  
  64  7:41  Drone x2  
  68  7:44  Zerg Ground Armor Level 1  
  68  7:45  Zergling x8  
  68  7:47  Drone  
  72  7:53  Drone x4  
  72  7:54  Drone x2  
  78  8:02  Drone  
  78  8:03  Drone x3  
  82  8:07  Hydralisk  
  83  8:15  Spore Crawler, Extractor  
  83  8:19  Hydralisk x3  
  85  8:20  Hydralisk x2  
  85  8:26  Drone x3  
  85  8:27  Drone x3  
  89  8:34  Queen  
  89  8:36  Spore Crawler  
  90  8:49  Overlord x3  
  90  8:52  Overlord x2  
  90  8:59  Overlord x4  
  90  9:02  Evolution Chamber  
  89  9:06  Infestation Pit  
  89  9:09  Hydralisk  
  86  9:10  Hydralisk x5  
  86  9:14  Overlord  
  86  9:15  Hydralisk  
  98  9:20  Hydralisk x2  
  100  9:24  Hydralisk  
  102  9:40  Hydralisk x2  
  101  9:49  Hydralisk  
  101  9:51  Hive, Hydralisk x2  
  106  9:59  Hatchery  
  105  10:03  Roach x2  
  105  10:06  Glial Reconstitution  
  109  10:12  Drone x4  
  109  10:14  Queen  
  113  10:15  Extractor  
  113  10:22  Overlord  
  113  10:24  Roach  
  112  10:40  Zergling x8  
  112  10:42  Zerg Ground Armor Level 2, Zerg Missile Weapons Level 1, Roach x3  
  122  10:53  Hydralisk x2  
  122  10:55  Hydralisk  
  122  10:56  Hydralisk x3  
  135  11:05  Hydralisk  
  137  11:19  Zergling x2, Mutalisk  
  137  11:20  Mutalisk x6  
  137  11:21  Mutalisk, Hydralisk Den  
  137  11:23  Mutalisk  
  155  11:36  Hatchery  
  154  11:46  Mutalisk  
  156  11:47  Mutalisk x3  
  156  11:48  Overlord  
  162  11:58  Zerg Flyer Weapons Level 1  
  162  11:59  Overlord x2  
  162  12:00  Overlord  
  162  12:03  Overlord  
  162  12:09  Mutalisk x3  
  168  12:16  Hydralisk  
  170  12:23  Mutalisk x3  
  170  12:24  Mutalisk  
  178  12:35  Overlord  
  178  12:36  Overlord  
  178  12:38  Mutalisk x2  
  178  12:44  Zergling x4, Overlord  
  184  12:46  Drone x2  
  186  12:58  Zergling x2  
  187  13:04  Drone x4  
  187  13:05  Drone x2  
  193  13:08  Zerg Missile Weapons Level 2  
  193  13:16  Drone x5  
  191  13:27  Mutalisk x2  
  179  13:35  Mutalisk x2, Extractor  
  179  13:37  Extractor  
  179  13:40  Mutalisk x2  
  162  13:52  Mutalisk  
  164  13:59  Mutalisk x2  
  164  14:00  Mutalisk  
  164  14:01  Drone x3  
  165  14:04  Mutalisk  
  165  14:05  Mutalisk x2  
  171  14:17  Corruptor  
  169  14:29  Mutalisk x2  
  169  14:30  Mutalisk x2  
  165  14:33  Mutalisk  
  139  14:40  Mutalisk  
  139  14:41  Zergling x2  
  139  14:42  Zergling x8  
  139  14:44  Zergling x6  
  145  15:01  Zergling x6  
  145  15:04  Zergling x8  
  145  15:05  Zergling x4  
  154  15:08  Zerg Flyer Armor Level 1  
  154  15:11  Zergling x2  
  155  15:15  Zergling x4  
  155  15:18  Corruptor x2  
  155  15:19  Corruptor  
  163  15:26  Hatchery, Zergling x4  
  160  15:29  Zergling x2  
  160  15:35  Zergling x2, Mutalisk  
  149  15:39  Mutalisk  
  149  15:40  Mutalisk  
  129  15:54  Mutalisk x2  
  114  15:59  Mutalisk x2  
  114  16:02  Mutalisk  
  93  16:05  Corruptor  
  93  16:08  Zergling x2  
  93  16:09  Zergling x6  
  87  16:15  Spine Crawler  
  87  16:17  Spine Crawler  
  82  16:19  Zergling x4  
  82  16:30  Zergling x4  
  80  16:43  Zergling x4  
  82  16:48  Zergling x2  
  82  16:49  Zergling x2  
  79  16:58  Hydralisk Den  
  78  17:07  Zergling x4  
  74  17:24  Spore Crawler  
  74  17:27  Spore Crawler  
  72  17:30  Hydralisk  
  72  17:31  Hydralisk  
  75  17:38  Spore Crawler  
  75  17:40  Hydralisk  
  75  17:41  Hydralisk x2  
  75  17:42  Spore Crawler x2, Hydralisk  
Show
View Real Time Build Order
Export as new Build Order

TheMagician Protoss - Winner!

Build Orders: Forge Fast Expand (FFE) 

Get SALT Encoding   

  12  0:01  Probe (Chrono Boost)  
  13  0:11  Probe (Chrono Boost)  
  14  0:22  Probe (Chrono Boost)  
  14  0:23  Pylon  
  15  0:41  Probe (Chrono Boost)  
  16  0:52  Probe (Chrono Boost)  
  16  0:56  Forge  
  17  1:08  Pylon  
  17  1:15  Pylon  
  17  1:39  Nexus  
  16  1:45  Probe (Chrono Boost)  
  17  1:47  Photon Cannon  
  17  2:08  Nexus  
  17  2:11  Probe (Chrono Boost)  
  18  2:22  Assimilator, Probe (Chrono Boost)  
  19  2:26  Assimilator  
  19  2:36  Probe (Chrono Boost)  
  20  2:47  Probe (Chrono Boost)  
  22  2:51  Probe (Chrono Boost)  
  22  2:57  Probe (Chrono Boost)  
  23  3:02  Probe (Chrono Boost)  
  23  3:04  Pylon  
  24  3:07  Gateway  
  24  3:08  Probe (Chrono Boost)  
  24  3:12  Probe (Chrono Boost)  
  26  3:23  Probe (Chrono Boost)  
  27  3:27  Probe (Chrono Boost)  
  27  3:33  Probe (Chrono Boost)  
  29  3:34  Probe (Chrono Boost)  
  29  3:41  Probe (Chrono Boost)  
  31  3:44  Probe (Chrono Boost)  
  31  3:45  Probe (Chrono Boost)  
  33  3:51  Probe (Chrono Boost)  
  33  3:54  Probe (Chrono Boost), Cybernetics Core  
  36  3:55  Probe (Chrono Boost)  
  36  4:02  Probe (Chrono Boost)  
  37  4:05  Assimilator, Probe (Chrono Boost)  
  37  4:06  Probe (Chrono Boost)  
  39  4:12  Probe (Chrono Boost)  
  39  4:16  Photon Cannon, Probe (Chrono Boost)  
  41  4:23  Probe (Chrono Boost)  
  43  4:24  Probe (Chrono Boost)  
  43  4:27  Probe (Chrono Boost)  
  44  4:31  Assimilator  
  44  4:35  Stargate  
  44  4:37  Stargate  
  44  4:38  Probe (Chrono Boost)  
  45  4:41  Stargate  
  45  4:42  Probe (Chrono Boost)  
  46  4:46  Mothership Core (Chrono Boost)  
  46  4:48  Probe (Chrono Boost)  
  49  4:57  Stargate  
  49  5:00  Probe (Chrono Boost)  
  49  5:01  Pylon  
  49  5:02  Probe (Chrono Boost)  
  51  5:07  Pylon  
  51  5:11  Probe (Chrono Boost)  
  51  5:12  Probe (Chrono Boost)  
  51  5:13  Probe (Chrono Boost)  
  54  5:19  Assimilator  
  54  5:23  Probe (Chrono Boost)  
  54  5:24  Assimilator  
  54  5:27  Pylon  
  55  5:34  Probe (Chrono Boost)  
  55  5:35  Phoenix x2  
  60  5:43  Phoenix  
  60  5:44  Probe (Chrono Boost)  
  63  5:53  Photon Cannon, Phoenix  
  63  5:55  Probe (Chrono Boost)  
  66  6:05  Phoenix x2, Probe (Chrono Boost)  
  66  6:08  Phoenix  
  73  6:13  Probe (Chrono Boost)  
  73  6:16  Probe (Chrono Boost)  
  75  6:19  Photon Cannon  
  75  6:24  Probe (Chrono Boost)  
  76  6:30  Pylon  
  76  6:32  Photon Cannon  
  76  6:38  Photon Cannon  
  76  6:45  Phoenix x4  
  90  7:20  Void Ray x2  
  92  7:30  Pylon  
  92  7:31  Pylon  
  92  7:33  Pylon  
  92  7:47  Void Ray x2  
  98  8:03  Void Ray x2  
  98  8:05  Robotics Facility  
  106  8:06  Robotics Facility  
  106  8:16  Nexus  
  106  8:18  Pylon  
  106  8:30  Void Ray x2  
  106  8:33  Pylon  
  114  8:45  Assimilator  
  114  8:46  Void Ray x2  
  122  8:50  Assimilator  
  122  8:55  Pylon  
  122  8:58  Immortal x2  
  122  8:59  Robotics Bay  
  130  9:29  Void Ray  
  130  9:30  Void Ray x3  
  130  9:53  Colossus x2  
  130  9:58  Extended Thermal Lance  
  142  10:05  Probe (Chrono Boost)  
  143  10:15  Probe (Chrono Boost)  
  143  10:16  Photon Cannon  
  143  10:18  Photon Cannon  
  143  10:20  Photon Cannon  
  144  10:26  Probe (Chrono Boost)  
  145  10:41  Probe (Chrono Boost)  
  146  10:50  Pylon  
  146  10:51  Probe (Chrono Boost)  
  146  10:52  Pylon  
  146  10:54  Pylon  
  145  11:11  Colossus x2  
  153  11:24  Oracle  
  156  11:32  Probe (Chrono Boost)  
  157  11:53  Pylon  
  157  11:54  Pylon  
  157  11:56  Pylon  
  157  11:59  Pylon  
  157  12:11  Probe x2 (Chrono Boost)  
  157  12:12  Colossus  
  177  12:19  Nexus  
  177  12:21  Pylon, Probe x2 (Chrono Boost)  
  175  12:24  Pylon  
  163  12:30  Void Ray x4  
  163  12:32  Probe (Chrono Boost)  
  176  12:42  Probe (Chrono Boost)  
  177  13:13  Phoenix x3  
  177  13:45  Phoenix x4  
  175  14:07  Colossus  
  182  14:10  Phoenix x3  
  172  14:35  Phoenix x3  
  160  14:47  Nexus  
  160  14:48  Pylon  
  160  14:55  Mothership Core (Chrono Boost)  
  160  14:56  Gateway x2  
  162  15:00  Phoenix, Colossus  
  162  15:03  Forge  
  162  15:06  Phoenix  
  172  15:19  Phoenix, Fleet Beacon  
  152  15:25  Phoenix  
  149  15:51  Phoenix x2  
  149  15:53  Phoenix  
  149  15:54  Colossus  
  135  16:20  Void Ray x2  
  135  16:21  Void Ray  
  141  16:47  Stalker x2  
  142  17:03  Void Ray  
  142  17:04  Void Ray  
  149  17:30  Pylon  
  149  17:32  Pylon  
  149  17:34  Pylon  
  149  17:35  Pylon  
  149  17:36  Pylon  
  149  17:37  Pylon  
  149  17:51  Void Ray  
Tags
 
Add a new tag
Caveats
  • Supply blocks, unpowered buildings, or Contaminate may cause inaccurate times.
  • Supply counts are checked every 10 seconds.